 Dungeon Crawl Stone Soup version 0.29-a0-96-g93358da72b (webtiles) character file.

Game seed: 8094544267746422826

5 cyrus the Skirmisher (level 1, -1/18 HPs)
             Began as a Demonspawn Fighter on Feb 11, 2022.
             Slain by a jackal (2 damage)
             ... on level 1 of the Dungeon.
             The game lasted 00:00:55 (268 turns).

cyrus the Skirmisher (Demonspawn Fighter)            Turns: 268, Time: 00:00:56

Health: -1/18      AC:  6    Str: 16    XL:     1   Next: 66%
Magic:  1/1        EV:  8    Int:  9    God:
Gold:   15         SH:  4    Dex: 12    Spells: 0/0 levels left

rFire   . . .      SeeInvis .   a - +0 trident
rCold   . . .      Faith    .   c - +0 buckler
rNeg    . . .      Spirit   .   b - +0 scale mail
rPois   .          Reflect  .   (no helmet)
rElec   .          Harm     .   (no cloak)
rCorr   .          Rampage  .   (no gloves)
Will    .....                   (no boots)
Stlth   ..........              (no amulet)
HPRegen 0.06/turn               (no ring)
MPRegen 0.07/turn               (no ring)

@: no status effects
A: no striking features
a: no special abilities


You were on level 1 of the Dungeon.
You visited 1 branch of the dungeon, and saw 1 of its levels.

You collected 15 gold pieces.

Inventory:

Hand Weapons
 a - a +0 trident (weapon)
Missiles
 e - 46 arrows
Armour
 b - a +0 scale mail (worn)
 c - a +0 buckler (worn)
Potions
 d - a potion of might


   Skills:
 + Level 3.0 Fighting
 + Level 1.8 Polearms
 + Level 2.8 Armour
 + Level 2.9 Shields


You couldn't memorise any spells.
You didn't know any spells.
Your spell library was empty.

Dungeon Overview and Level Annotations

Branches:
Dungeon (1/15)

Altars:


Message History

The rat barely misses you.
The jackal bites you but does no damage. x2
The rat bites you but does no damage.
The jackal bites you but does no damage.
The jackal barely misses you. The jackal barely misses you.
The rat closely misses you. The rat bites you but does no damage.
The jackal bites you but does no damage.
The rat twitches its whiskers.
You block the rat's attack.
The jackal bites you but does no damage. x2
You block the jackal's attack.
The jackal pauses to sniff the ground.
You block the jackal's attack.
You hit the jackal but do no damage. You block the jackal's attack.
The jackal bites you but does no damage.
You miss the jackal.
The jackal bites you but does no damage. x2
You block the jackal's attack. The rat bites you.
The jackal barely misses you. x2
The jackal bites you.
You barely miss the jackal.
The jackal bites you but does no damage.
The jackal bites you.
* * * LOW HITPOINT WARNING * * *
The jackal bites you but does no damage.
The rat bites you.
* * * LOW HITPOINT WARNING * * *
The jackal barely misses you. x2; The jackal completely misses you.
You block the rat's attack.
You puncture the jackal!
You kill the jackal!
The jackal barely misses you. The jackal bites you.
* * * LOW HITPOINT WARNING * * *
The jackal bites you but does no damage.
The jackal closely misses you.
You hit the rat.
You kill the rat!
The jackal barely misses you. The jackal bites you.
You die...

#.# #........# #.# #.#
#.###.##.# #.# #.# #.##.#
#.# #.# ###.##.# #.#
#####.#######... ..##.# #.#
#hh............ ####.###.#
#.###"#######.######...##.#
#.# #.#######........#....#
#h# #....†@.....####[..####
#h# #....rhh#.#.# ##.## #.#
#.......#.#.#####.#####
#.###......?#..............
#...........###.###########
#####.......# #.# #.......#
#r# #.......# #.#
####.#.####.#


You could see 2 jackals and a rat.

Vanquished Creatures
  A ball python (D:1)
  A jackal (D:1)
  2 bats (D:1)
  A kobold (D:1)
  A rat (D:1)
6 creatures vanquished.

Notes
Turn   | Place    | Note
-------+----------+-------------------------------------------
     0 | D:1      | cyrus the Demonspawn Fighter began the quest for the Orb.
     0 | D:1      | Reached XP level 1. HP: 18/18 MP: 1/1
   268 | D:1      | Slain by a jackal

Illustrated notes

Levels and vault maps discovered:
D:1:      doesnt_arrival_eight_statues, layout_loops_ring, serial_shops, shop,
          shop, shop_fountains, nicolae_shop_statue_plus, shop

Action                   || total
-------------------------++-------
Melee: Trident           ||    25
Armor: Scale mail        ||    53
Dodge: Dodged            ||    31
Block: Buckler           ||    21

Table legend: (Time is in decaauts)
 A = Elapsed time spent in this place.
 B = Non-inter-level travel time spent in this place.
 C = Inter-level travel time spent in this place.
 D = Time resting spent in this place.
 E = Time spent auto-exploring this place.
 F = Levels seen in this place.
 G = Mean time per level.
                   A        B        C        D        E       F      G
               +--------+--------+--------+--------+--------+-----+--------+
         Total |    274 |    274 |      0 |      0 |    133 |   1 |  274.0 |
       Dungeon |    274 |    274 |      0 |      0 |    133 |   1 |  274.0 |
               +--------+--------+--------+--------+--------+-----+--------+

Top non-repeatable levels by time:
     D:1: 274 daAuts
